 Dungeon Crawl Stone Soup version 0.27.1-2-g3b301248ec (webtiles) character file.

Game seed: 9013601438530302729

16667 MisterFreud the Blocker (level 12, -4/87 HPs)
             Began as a Gnoll Fighter on Sept 29, 2021.
             Was a High Priest of Hepliaklqana.
             Slain by a freezing wraith (15 damage)
             ... led by a death knight
             ... on level 12 of the Dungeon.
             The game lasted 00:15:56 (9647 turns).

MisterFreud the Blocker (Gnoll Fighter)             Turns: 9647, Time: 00:15:57

Health: -4/87      AC: 10    Str: 15    XL:     12   Next: 39%
Magic:  31/31      EV: 12    Int: 14    God:    Hepliaklqana [*****.]
Gold:   633        SH: 16    Dex: 14    Spells: 24/25 levels left

rFire    . . .     SeeInvis .   n - +4 dagger (drain)
rCold    . . .     Faith    .   c - +0 kite shield
rNeg     . . .     Spirit   .   I - +1 ring mail of the Past {Regen+ Int+3}
rPois    +         Reflect  +   s - +1 helmet
rElec    .         Harm     .   (no cloak)
rCorr    .         Rampage  .   (no gloves)
Will     .....                  (no boots)
Stlth    ++........             G - amulet "Ucas" {Reflect +Blink rPois Slay+3 SH+5 Stlth-}
HPRegen  1.24/turn              y - +4 ring of slaying
MPRegen  0.22/turn              B - ring of magical power

@: no status effects
A: reduced essence, fangs 1, strong nose, distributed training
a: Renounce Religion, Evoke Blink, Recall Ancestor, Ancestor Identity,
Transference, Idealise


You were on level 12 of the Dungeon.
You worshipped Hepliaklqana.
Hepliaklqana was extremely pleased with you.
You visited 1 branch of the dungeon, and saw 12 of its levels.

You collected 738 gold pieces.
You spent 105 gold pieces at shops.

Inventory:

Hand Weapons
 a - a +0 rapier
 n - a +4 dagger of draining (weapon)
 C - a +1 vampiric trident
Missiles
 m - 10 javelins (quivered)
 r - 4 boomerangs
 u - a throwing net
 x - 36 poisoned darts
Armour
 b - a +0 scale mail
 c - a +0 kite shield (worn)
 i - a +2 robe of willpower
 s - a +1 helmet (worn)
 I - the +1 ring mail of the Past (worn) {Regen+ Int+3}
   (You found it on level 6 of the Dungeon)

   Int:       It affects your intelligence (+3).
   Regen:     It increases your rate of health regeneration.
 R - the +1 robe "Zunliz" {Contam +Inv rElec Dex+8}
   (You found it on level 9 of the Dungeon)

   Dex:       It affects your dexterity (+8).
   rElec:     It insulates you from electricity.
   +Inv:      It lets you turn invisible.
   Contam:    It causes magical contamination when unequipped.
Jewellery
 e - the amulet of Tutsy {Spirit Rampage rN+ MP-9 Int+2}
   (You acquired it on level 11 of the Dungeon)

   [amulet of guardian spirit]

   It causes incoming damage to be divided between your reserves of health and
   magic.
   Int:       It affects your intelligence (+2).
   rN:        It protects you from negative energy.
   MP:        It affects your magic capacity (-9).
   Rampage:   It bestows one free step when moving towards enemies.
 y - a +4 ring of slaying (left hand)
 B - a ring of magical power (right hand)
 G - the amulet "Ucas" (around neck) {Reflect +Blink rPois Slay+3 SH+5 Stlth-}
   (You acquired it on level 11 of the Dungeon)

   [amulet of reflection]

   It reflects blocked missile attacks.
   Slay:      It affects your accuracy & damage with ranged weapons and melee
   (+3).
   rPois:     It protects you from poison.
   +Blink:    It lets you blink.
   SH:        It affects your SH (+5).
   Stlth:     It makes you less stealthy.
 J - an amulet of regeneration
 V - a ring of ice
Wands
 l - a wand of mindburst (33)
 w - a wand of charming (9)
 M - a wand of iceblast (5)
 N - a wand of polymorph (26)
 P - a wand of flame (8)
 Q - a wand of acid (7)
Scrolls
 h - 4 scrolls of magic mapping
 j - a scroll of holy word {unknown}
 k - 7 scrolls of teleportation
 q - 3 scrolls of enchant weapon {unknown}
 z - 2 scrolls of vulnerability {unknown}
 A - 3 scrolls of amnesia
 E - 2 scrolls of immolation
 F - a scroll of summoning {unknown}
 H - a scroll of blinking {unknown}
 O - a scroll of fog {unknown}
 S - a scroll of brand weapon {unknown}
 T - 2 scrolls of silence {unknown}
 U - 4 scrolls of fear {unknown}
 W - a scroll of noise {unknown}
Potions
 d - a potion of might
 f - 7 potions of curing
 g - 2 potions of degeneration
 o - 2 potions of brilliance
 p - a potion of resistance
 t - a potion of attraction
 v - a potion of invisibility
 D - a potion of lignification
 K - 2 potions of mutation
 L - a potion of berserk rage


   Skills:
 + Level 9.8 Fighting
 + Level 8.6 Short Blades
 + Level 7.2 Long Blades
 + Level 7.2 Axes
 + Level 7.2 Maces & Flails
 + Level 7.2 Polearms
 + Level 7.2 Staves
 + Level 7.2 Slings
 + Level 7.2 Bows
 + Level 7.2 Crossbows
 + Level 7.2 Throwing
 + Level 9.8 Armour
 + Level 7.2 Dodging
 + Level 7.2 Stealth
 + Level 9.8 Shields
 + Level 7.2 Unarmed Combat
 + Level 7.2 Spellcasting
 + Level 6.0 Conjurations
 + Level 6.0 Hexes
 + Level 6.0 Summonings
 + Level 6.0 Necromancy
 + Level 6.0 Translocations
 + Level 6.0 Transmutations
 + Level 6.0 Fire Magic
 + Level 6.0 Ice Magic
 + Level 6.0 Air Magic
 + Level 6.0 Earth Magic
 + Level 6.0 Poison Magic
 + Level 7.9 Invocations
 + Level 7.2 Evocations


You had 24 spell levels left.
You knew the following spells:

 Your Spells              Type           Power      Damage    Failure   Level
a - Apportation           Tloc           44%        N/A       3%          1

Your spell library contained the following spells:

 Spells                   Type           Power      Damage    Failure   Level
 Animate Skeleton         Necr           44%        N/A       3%          1
 Corona                   Hex            24%        N/A       3%          1
 Summon Small Mammal      Summ           88%        N/A       3%          1
 Sublimation of Blood     Necr           11%        N/A       6%          2
 Ozocubu's Armour         Ice            22%        N/A       12%         3
 Petrify                  Tmut/Erth      22%        N/A       36%         4
 Irradiate                Conj/Tmut      11%        3d17      71%         5
 Metabolic Englaciation   Hex/Ice        11%        N/A       71%         5
 Simulacrum               Ice/Necr       11%        N/A       99%         6
 Chain Lightning          Conj/Air       11%        3d14      100%        9
 Fire Storm               Conj/Fire      11%        8d3       100%        9


Dungeon Overview and Level Annotations

Branches:
Dungeon (12/15)            Temple (0/1) D:7            Lair (0/6) D:9
    Orc (0/2) D:11

Altars:
Ashenzari
Elyvilon
Gozag
Hepliaklqana
Kikubaaqudgha
Qazlal
Sif Muna
Zin
The Shining One
Beogh

Shops:
D:1 *   D:2 ?   D:3 *   D:10 (   D:11 (

Annotations:
D:3 2 transporters, Silentstumbler's ghost, amateur DjFE
D:5 3 runed translucent doors, ABBCCCDDDD's ghost, novice OpAK; Borgoz's ghost, novice GrGl; Delver's ghost, novice MiHu


Innate Abilities, Weirdness & Mutations

Your life essence is reduced to manifest your ancestor. (-10% HP)
You have very sharp teeth.
Your uncanny sense of smell can sniff out nearby items.
Your experience applies equally to all skills.


Message History

The death knight is moderately wounded.
You block the death knight's attack.
The death knight barely misses Arif.
You hit the death knight. You drain the death knight.
Your bite misses the death knight.
The death knight is moderately wounded.
Arif hits the death knight with a +0 flail!
The freezing wraith misses you. You block the freezing wraith's attack.
You puncture the death knight!
The death knight is heavily wounded.
You block the death knight's attack.
The death knight hits Arif with a +4 battleaxe of flaming!
Arif closely misses the death knight.
The freezing wraith hits you. The freezing wraith freezes you!
You block the freezing wraith's attack.
Unknown command.
Unknown command.
You hit the death knight. You drain the death knight.
The death knight is heavily wounded.
You block the death knight's attack.
The death knight hits Arif but does no damage.
Unknown command.
Unknown command.
You hit the death knight but do no damage.
You drain the death knight.
The death knight is severely wounded.
Arif barely misses the death knight.
The freezing wraith hits you but does no damage.
You block the freezing wraith's attack.
The skeletal warrior hits you from afar with a +0 glaive!
* * * LOW HITPOINT WARNING * * *
A skeletal warrior comes into view. It is wielding a +0 mace.
You hit the death knight but do no damage.
You drain the death knight.
The death knight is severely wounded.
You block the death knight's attack.
The death knight hits Arif but does no damage.
Arif hits the death knight with a +0 flail.
The freezing wraith hits you.
* * * LOW HITPOINT WARNING * * *
The freezing wraith freezes you!
You die...

...#.#.....###..... ..
............##..# ..#
.......<......!.# ....
#..............## .....
####............#......
##..................
#............#....?
........R..##......
##......p@..# #.....
.......WW..# ...>.
.....z...## ....
.......... ..#
z.........# .##
........... ∆
...##....... ...
#####..##


You could see the friendly Arif the knight, a death knight (drained, ally
target), 2 skeletal warriors and 2 freezing wraiths.

Vanquished Creatures
  Fannar (D:11)
  A centaur warrior (D:9)
  A two-headed ogre (D:10)
  Nergalle (D:10)
  Pikel (D:4)
  A manticore (D:9)
  A guardian serpent (shapeshifter) (D:9)
  A hornet (D:8)
  28 yaks
  3 wyverns (D:9)
  2 steam dragons
  4 water moccasins
  2 orc warriors (D:11)
  2 ice beasts
  5 centaurs
  2 phantoms
  A kobold brigand (D:11)
  2 bullfrogs
  3 scorpions
  3 howler monkeys (D:8)
  4 centaur zombies
  2 gnoll shamans (D:7)
  5 orc priests
  A bullfrog skeleton (D:5)
  An orc wizard (D:8)
  4 iguanas
  10 gnolls
  2 adders
  2 shadow imps (D:6)
  A white imp (D:8)
  3 worms
  2 dart slugs
  14 orcs
  3 endoplasms
  3 giant cockroaches (D:2)
  5 goblins
  2 hobgoblins (D:1)
  8 jackals (D:2)
  A quokka (D:2)
  8 ball pythons
  6 bats
  6 frilled lizards
  8 kobolds
  4 rats
170 creatures vanquished.

Vanquished Creatures (collateral kills)
  Gastronok (D:8)
  A two-headed ogre (D:9)
  A centaur zombie (D:10)
  An unseen horror (D:11)
  2 wraiths
  4 yaks
  A wyvern (D:9)
  A basilisk (D:9)
  A steam dragon (D:6)
  An orc warrior (D:10)
  An ogre (D:6)
  3 centaurs
  2 lemures (D:4)
  A bullfrog (D:7)
  2 howler monkeys (D:5)
  2 orc priests
  A hound (D:4)
  An iguana (D:4)
  A killer bee zombie (D:7)
  A hound skeleton (D:4)
  3 adders
  5 gnolls (D:7)
  An adder skeleton (D:4)
  A worm (D:4)
  6 orcs
  An endoplasm (D:3)
  A giant cockroach (D:4)
  3 kobolds
  A rat (D:2)
51 creatures vanquished.

Vanquished Creatures (others)
  3 knights
  2 fungi (D:9)
  9 plants (D:9)
14 creatures vanquished.

Grand Total: 235 creatures vanquished

Notes
Turn   | Place    | Note
-------+----------+-------------------------------------------
     0 | D:1      | MisterFreud the Gnoll Fighter began the quest for the Orb.
     0 | D:1      | Reached XP level 1. HP: 23/23 MP: 1/1
   166 | D:1      | Reached XP level 2. HP: 29/29 MP: 2/2
   208 | D:1      | Found a faded altar of an unknown god.
   225 | D:1      | Became a worshipper of Hepliaklqana the Forgotten
   225 | D:1      | Reached * piety under Hepliaklqana
   701 | D:1      | Reached XP level 3. HP: 30/31 MP: 3/3
   718 | D:1      | Found Vailizeopn's General Store.
   751 | D:1      | Bought a potion of curing for 33 gold pieces
  1029 | D:2      | Reached skill level 1 in Invocations
  1124 | D:2      | Reached skill level 1 in Long Blades
  1124 | D:2      | Reached skill level 1 in Axes
  1124 | D:2      | Reached skill level 1 in Maces & Flails
  1124 | D:2      | Reached skill level 1 in Polearms
  1124 | D:2      | Reached skill level 1 in Staves
  1124 | D:2      | Reached skill level 1 in Slings
  1124 | D:2      | Reached skill level 1 in Bows
  1124 | D:2      | Reached skill level 1 in Crossbows
  1124 | D:2      | Reached skill level 1 in Throwing
  1124 | D:2      | Reached skill level 1 in Dodging
  1124 | D:2      | Reached skill level 1 in Stealth
  1124 | D:2      | Reached skill level 1 in Unarmed Combat
  1124 | D:2      | Reached skill level 1 in Spellcasting
  1124 | D:2      | Reached skill level 1 in Evocations
  1276 | D:2      | Reached XP level 4. HP: 31/36 MP: 5/5
  1764 | D:2      | Found Fyaset's Magic Scroll Shoppe.
  1784 | D:2      | Bought a scroll of teleportation for 42 gold pieces
  2104 | D:3      | Found a stormy altar of Qazlal.
  2106 | D:3      | Reached ** piety under Hepliaklqana
  2107 | D:3      | Remembered your ancestor Arif as a knight
  2115 | D:3      | Reached skill level 1 in Conjurations
  2115 | D:3      | Reached skill level 1 in Hexes
  2115 | D:3      | Reached skill level 1 in Summonings
  2115 | D:3      | Reached skill level 1 in Necromancy
  2115 | D:3      | Reached skill level 1 in Translocations
  2115 | D:3      | Reached skill level 1 in Transmutations
  2115 | D:3      | Reached skill level 1 in Fire Magic
  2115 | D:3      | Reached skill level 1 in Ice Magic
  2115 | D:3      | Reached skill level 1 in Air Magic
  2115 | D:3      | Reached skill level 1 in Earth Magic
  2115 | D:3      | Reached skill level 1 in Poison Magic
  2115 | D:3      | Reached XP level 5. HP: 38/42 MP: 6/6
  2155 | D:3      | Found a transporter.
  2156 | D:3      | Noticed Silentstumbler's ghost (amateur DjFE)
  2157 | D:3      | Found a transporter.
  2409 | D:3      | Found an ancient bone altar of Kikubaaqudgha.
  2508 | D:3      | Found Oddimna's General Store.
  2516 | D:3      | Bought a scroll of teleportation for 30 gold pieces
  3092 | D:4      | Reached XP level 6. HP: 37/47 MP: 8/8
  3295 | D:4      | Noticed a water moccasin
  3303 | D:4      | Killed a water moccasin
  3304 | D:4      | Reached skill level 5 in Short Blades
  3321 | D:4      | Reached *** piety under Hepliaklqana
  3423 | D:4      | Noticed Pikel
  3447 | D:4      | Killed Pikel
  3448 | D:4      | Reached XP level 7. HP: 27/54 MP: 9/11
  3921 | D:5      | Entered Level 5 of the Dungeon
  3955 | D:5      | Reached XP level 8. HP: 59/60 MP: 12/12
  4462 | D:5      | Found a runed translucent gate.
  4462 | D:5      | Found a runed translucent gate.
  4462 | D:5      | Found a runed translucent gate.
  4468 | D:5      | Noticed Borgoz's ghost (novice GrGl)
  4468 | D:5      | Noticed Delver's ghost (novice MiHu)
  4468 | D:5      | Noticed ABBCCCDDDD's ghost (novice OpAK)
  4558 | D:5      | Found a shimmering blue altar of Sif Muna.
  4558 | D:5      | Found a broken altar of Ashenzari.
  4559 | D:5      | Found an opulent altar of Gozag.
  4628 | D:5      | Found a glowing silver altar of Zin.
  5028 | D:6      | Reached **** piety under Hepliaklqana
  5497 | D:6      | Found a glowing golden altar of the Shining One.
  5550 | D:6      | Reached XP level 9. HP: 64/64 MP: 14/14
  5560 | D:6      | Found a white marble altar of Elyvilon.
  5837 | D:6      | Identified the +1 ring mail of the Past {Regen+ Int+3}
  6031 | D:7      | Found a staircase to the Ecumenical Temple.
  6163 | D:8      | Noticed a hornet
  6170 | D:8      | Killed a hornet
  6237 | D:8      | Noticed Gastronok
  6267 | D:8      | Killed Gastronok
  6268 | D:8      | Reached skill level 5 in Long Blades
  6268 | D:8      | Reached skill level 5 in Axes
  6268 | D:8      | Reached skill level 5 in Maces & Flails
  6268 | D:8      | Reached skill level 5 in Polearms
  6268 | D:8      | Reached skill level 5 in Staves
  6268 | D:8      | Reached skill level 5 in Slings
  6268 | D:8      | Reached skill level 5 in Bows
  6268 | D:8      | Reached skill level 5 in Crossbows
  6268 | D:8      | Reached skill level 5 in Throwing
  6268 | D:8      | Reached skill level 5 in Dodging
  6268 | D:8      | Reached skill level 5 in Stealth
  6268 | D:8      | Reached skill level 5 in Unarmed Combat
  6268 | D:8      | Reached skill level 5 in Spellcasting
  6268 | D:8      | Reached skill level 5 in Invocations
  6268 | D:8      | Reached skill level 5 in Evocations
  6268 | D:8      | Reached XP level 10. HP: 53/73 MP: 17/17
  7214 | D:9      | Found a staircase to the Lair.
  7381 | D:9      | Reached XP level 11. HP: 78/78 MP: 19/19
  7569 | D:9      | Reached skill level 5 in Conjurations
  7569 | D:9      | Reached skill level 5 in Hexes
  7569 | D:9      | Reached skill level 5 in Summonings
  7569 | D:9      | Reached skill level 5 in Necromancy
  7569 | D:9      | Reached skill level 5 in Translocations
  7569 | D:9      | Reached skill level 5 in Transmutations
  7569 | D:9      | Reached skill level 5 in Fire Magic
  7569 | D:9      | Reached skill level 5 in Ice Magic
  7569 | D:9      | Reached skill level 5 in Air Magic
  7569 | D:9      | Reached skill level 5 in Earth Magic
  7569 | D:9      | Reached skill level 5 in Poison Magic
  7592 | D:9      | Learned a level 1 spell: Apportation
  7771 | D:9      | Reached ***** piety under Hepliaklqana
  7789 | D:9      | Identified the +1 robe "Zunliz" {Contam +Inv rElec Dex+8}
  7907 | D:9      | Noticed a manticore
  7914 | D:9      | Killed a manticore
  7916 | D:9      | Noticed a centaur warrior
  7933 | D:9      | Killed a centaur warrior
  7986 | D:9      | Noticed a two-headed ogre
  7992 | D:9      | Killed a two-headed ogre
  8116 | D:10     | Entered Level 10 of the Dungeon
  8126 | D:10     | Noticed Nergalle
  8139 | D:10     | Killed Nergalle
  8497 | D:10     | Noticed a two-headed ogre
  8507 | D:10     | Killed a two-headed ogre
  8508 | D:10     | Reached XP level 12. HP: 80/86 MP: 22/22
  8604 | D:10     | Found Reizaceg's Antique Weapon Shop.
  8773 | D:10     | Identified the +2 plate armour "Hyguto" {rF+ SInv}
  8903 | D:11     | Found a staircase to the Orcish Mines.
  8985 | D:11     | Noticed Fannar
  9001 | D:11     | Killed Fannar
  9530 | D:11     | Found Melepli's Antique Weapon Boutique.
  9549 | D:11     | Identified 3 scrolls of acquirement
  9549 | D:11     | Acquired the amulet of Tutsy {Spirit Rampage rN+ MP-9
                  | Int+2}
  9552 | D:11     | Acquired a book of Winter
  9554 | D:11     | Acquired the amulet "Ucas" {Reflect +Blink rPois Slay+3
                  | SH+5 Stlth-}
  9636 | D:12     | Noticed a death knight
  9647 | D:12     | Slain by a freezing wraith

Illustrated notes

Levels and vault maps discovered:
D:1:      wander_arrival_desolate, layout_loops_ring, serial_shops,
          nicolae_shop_statue_plus, shapermc_ecumenical_altar_totnotflames,
          minmay_pentomino_z2
D:2:      layout_basic, serial_shops, nicolae_shop_crystal, chequers_arboretum,
          kennysheep_generic_room_14
D:3:      layout_basic, mainiacjoe_overflow_brackets,
          nicolae_qazlal_general_emergency, serial_shops, nicolae_shop_stone,
          gammafunk_ghost_arena
D:4:      layout_cave_pods, uniq_pikel
D:5:      layout_loops_ring, nicolae_overflow_quartered_altars,
          gammafunk_ghost_cemetery
D:6:      layout_cave_pools, tso_metal_star, elyvilon_altar_5
D:7:      layout_cave_pools, minmay_temple_entry_slanted
D:8:      layout_loops_ring, st_stairs_12, hangedman_abyss_or_decor_clamps,
          uniq_gastronok
D:9:      minmay_cornered_nines, layout_irregular_city, minmay_lair_entry_grove
D:10:     layout_irregular_city, serial_shops, nicolae_shop_window_shopping,
          hangedman_decor_riveting, grunt_ministairs_15, uniq_nergalle
D:11:     layout_long_grid, minmay_orc_entry_temple_small, serial_shops,
          nicolae_shop_statue_plus, uniq_fannar
D:12:     layout_cave_pools, einodemon_barbed_minivault

Skill      XL: |  1  2  3  4  5  6  7  8  9 10 11 12 |
---------------+-------------------------------------+-----
Invocations    | 1 2 3 4 5 6 7 |  7.9
Long Blades    | 1 2 3 5 6 7 |  7.2
Axes           | 1 2 3 5 6 7 |  7.2
Maces & Flails | 1 2 3 5 6 7 |  7.2
Polearms       | 1 2 3 5 6 7 |  7.2
Staves         | 1 2 3 5 6 7 |  7.2
Slings         | 1 2 3 5 6 7 |  7.2
Bows           | 1 2 3 5 6 7 |  7.2
Crossbows      | 1 2 3 5 6 7 |  7.2
Throwing       | 1 2 3 5 6 7 |  7.2
Dodging        | 1 2 3 5 6 7 |  7.2
Stealth        | 1 2 3 5 6 7 |  7.2
Unarmed Combat | 1 2 3 5 6 7 |  7.2
Spellcasting   | 1 2 3 5 6 7 |  7.2
Evocations     | 1 2 3 5 6 7 |  7.2
Conjurations   | 1 2 3 4 5 6 |  6.0
Hexes          | 1 2 3 4 5 6 |  6.0
Summonings     | 1 2 3 4 5 6 |  6.0
Necromancy     | 1 2 3 4 5 6 |  6.0
Translocations | 1 2 3 4 5 6 |  6.0
Transmutations | 1 2 3 4 5 6 |  6.0
Fire Magic     | 1 2 3 4 5 6 |  6.0
Ice Magic      | 1 2 3 4 5 6 |  6.0
Air Magic      | 1 2 3 4 5 6 |  6.0
Earth Magic    | 1 2 3 4 5 6 |  6.0
Poison Magic   | 1 2 3 4 5 6 |  6.0
Short Blades   | 5 6 7 8 |  8.6
Fighting       | 7 8 9 |  9.8
Armour         | 7 8 9 |  9.8
Shields        | 7 8 9 |  9.8

Action                   |  1- 3 |  4- 6 |  7- 9 | 10-12 || total
-------------------------+-------+-------+-------+-------++-------
Melee: Rapier            |   135 |    66 |       |       ||   201
       Bite              |    14 |     6 |    19 |    69 ||   108
       Dagger            |       |    50 |   183 |   481 ||   714
Invok: Ancestor Life: Kn |       |     1 |       |       ||     1
  Use: Potion            |       |       |     1 |       ||     1
       Scroll            |       |       |       |    13 ||    13
 Stab: Distracted        |     1 |       |     1 |     4 ||     6
       Sleeping          |       |       |     1 |     6 ||     7
Armor: Scale mail        |    47 |    35 |    36 |       ||   118
       Ring mail         |       |       |    24 |   113 ||   137
Dodge: Dodged            |    34 |    30 |    66 |   129 ||   259
Block: Kite shield       |    84 |    63 |    91 |   206 ||   444
